 Dungeon Crawl Stone Soup version 0.29-a0-322-g68df515428 (webtiles) character file.

Game seed: 8409727202413194507

5 GigaChad the Insei (level 1, -1/17 HPs)
             Began as a Djinni Transmuter on Apr 6, 2022.
             Was a Follower of Uskayaw.
             Slain by a goblin
             ... wielding a +0 dagger
              (4 damage)
             ... on level 1 of the Dungeon on Apr 7, 2022.
             The game lasted 00:01:48 (342 turns).

GigaChad the Insei (Djinni Transmuter)               Turns: 342, Time: 00:01:48

Health: -1/17      AC:  2    Str:  9    XL:     1   Next: 88%
Gold:   19         EV:  9    Int: 14    God:    Uskayaw [*.....] SH:  0 Dex: 13

rFire   + + .      SeeInvis .     - Unarmed
rCold   x . .      Faith    .   (no shield)
rNeg    . . .      Spirit   .   a - +0 robe
rPois   ∞          Reflect  .   (no helmet)
rElec   .          Harm     .   (no cloak)
rCorr   .          Rampage  .   (no gloves)
Will    .....                   (boots unavailable)
Stlth   +.........              (no amulet)
HPRegen 0.05/turn               (no ring)
MPRegen 0.00/turn               (no ring)

@: flying, constricted
A: sickness immunity, fire resistance 2, cold vulnerability 1, float, innate
caster, HP casting, extra vitality 1
a: Renounce Religion, Stomp


You were on level 1 of the Dungeon.
You worshipped Uskayaw.
Uskayaw was noncommittal.
You visited 1 branch of the dungeon, and saw 1 of its levels.

You collected 19 gold pieces.

Inventory:

Armour
 a - a +0 robe (worn)
Scrolls
 d - 2 scrolls of immolation
 e - a scroll of teleportation {unknown}
Potions
 b - a potion of lignification
 c - 2 potions of curing {unknown}


   Skills:
 + Level 1.0 Fighting
 + Level 2.2 Dodging
 + Level 3.2 Unarmed Combat
 + Level 1.7 Spellcasting


You couldn't memorise any spells.
You knew the following spells:

 Your Spells              Type           Power      Damage    Failure   Level
a - Beastly Appendage     Tmut           12%        N/A       12%         1
b - Wereblood             Tmut           6%         N/A       19%         2
c - Spider Form           Tmut/Pois      6%         N/A       36%         3
d - Ice Form              Ice/Tmut       6%         N/A       77%         4
Your spell library was empty.

Dungeon Overview and Level Annotations

Branches:
Dungeon (1/15)

Altars:
Uskayaw


Innate Abilities, Weirdness & Mutations

You are immune to sickness and miasma.
You are immune to poison.
Your flesh is very heat resistant. (rF++)
You are vulnerable to cold. (rC-)
You float through the air rather than walking.
You learn spells naturally, not from books.
Your magical power is your life essence.
You have superior vitality. (+4 MHP)


Message History

The bat closely misses you.
You hit the bat.
The bat is heavily wounded.
The bat barely misses you. The bat hits you but does no damage.
You can now pass through a line of other dancers.
The bat barely misses you.
A goblin comes into view. It is wielding a +0 dagger.
The goblin shouts!
You hear an angry hiss.
The bat hits you but does no damage. The rat misses you.
A ball python comes into view.
The bat misses you. The rat bites you but does no damage.
You hit the rat.
You kill the rat!
The bat hits you but does no damage. The bat hits you but does no damage.
You see here a rat corpse.
The bat barely misses you. The bat closely misses you.
You see here a rat corpse.
The goblin hits you with a +0 dagger. The bat hits you.
The ball python bites you. The ball python barely misses you.
You closely miss the goblin. The bat closely misses you.
The goblin hits you with a +0 dagger. The ball python closely misses you. x2
You closely miss the goblin. The goblin hits you with a +0 dagger.
The bat hits you. The ball python barely misses you. The ball python grabs you.
The ball python constricts you.
You closely miss the goblin. The bat hits you but does no damage.
The ball python closely misses you. The ball python constricts you.
The goblin hits you but does no damage.
You can no longer pass through a line of other dancers.
You closely miss the goblin. The bat barely misses you.
The ball python bites you.
* * * LOW HITPOINT WARNING * * *
The ball python constricts you. The goblin hits you but does no damage.
You barely miss the goblin. The bat hits you.
* * * LOW HITPOINT WARNING * * *
The ball python barely misses you. The ball python constricts you.
An endoplasm comes into view.
The goblin hits you with a +0 dagger.
You die...

#.. .... #.. #..#
..###.. ...#.# .
....# ..# #.#.# ..
J..[####.#.#######..#
......g@†............
......S..............
..........###'###....
...♣...b+####.# +..
.......## #..# .
...:.## #.###.# .....
#.....# . ....#
##.##### ...+ #..#..


You could see an endoplasm (wandering), a goblin, a bat and a ball python.

Vanquished Creatures
  An endoplasm (D:1)
  A quokka (D:1)
  A frilled lizard (D:1)
  A kobold (D:1)
  2 rats (D:1)
6 creatures vanquished.

Notes
Turn   | Place    | Note
-------+----------+-------------------------------------------
     0 | D:1      | GigaChad the Djinni Transmuter began the quest for the Orb.
     0 | D:1      | Reached XP level 1. HP: 17/17 MP: 0/0
    65 | D:1      | Found a faded altar of an unknown god.
    99 | D:1      | Prayed at the altar of an unknown god.
    99 | D:1      | Became a worshipper of Uskayaw the Reveller
    99 | D:1      | Reached * piety under Uskayaw
   329 | D:1      | Reached ** piety under Uskayaw
   342 | D:1      | Slain by a goblin

Illustrated notes

Levels and vault maps discovered:
D:1:      nicolae_arrival_somewhat_less_tricky_arrival, layout_rooms,
          hellmonk_ecumenical_altar_blasted

Action                   || total
-------------------------++-------
Melee: Unarmed           ||    28
       Punch             ||     1
 Cast: Beastly Appendage ||     1
Armor: Robe              ||    11
Dodge: Dodged            ||    29

Table legend: (Time is in decaauts)
 A = Elapsed time spent in this place.
 B = Non-inter-level travel time spent in this place.
 C = Inter-level travel time spent in this place.
 D = Time resting spent in this place.
 E = Time spent auto-exploring this place.
 F = Levels seen in this place.
 G = Mean time per level.
                   A        B        C        D        E       F      G
               +--------+--------+--------+--------+--------+-----+--------+
         Total |    340 |    340 |      0 |      0 |    106 |   1 |  340.0 |
       Dungeon |    340 |    340 |      0 |      0 |    106 |   1 |  340.0 |
               +--------+--------+--------+--------+--------+-----+--------+

Top non-repeatable levels by time:
     D:1: 340 daAuts
